Map: Blackpink LE

Players

JohnSnow - Winner!

  • Race: Terran Terran
  • League: Gold
  • Spawn Location: 1:00

A.I. 1 (Very Hard)

  • Race: Protoss Protoss
  • Spawn Location: 7:00

VOD

Have the link to the VOD?

Description

Time

  • Played on: Jan. 16, 2018, 10:14 p.m.
  • Length: 16:05
Show
View Real Time Build Order
Export as new Build Order

JohnSnow Terran - Winner!

Build Orders:  

Get SALT Encoding   

  12  0:02  SCV  
  13  0:14  SCV  
  14  0:19  Supply Depot  
  14  0:26  SCV  
  15  0:40  Refinery  
  15  0:41  SCV  
  16  0:47  Barracks  
  16  1:05  SCV  
  17  1:17  Barracks, SCV  
  18  1:29  SCV  
  19  1:45  Barracks Reactor  
  19  1:50  Command Center  
  19  2:05  Refinery  
  19  2:11  Barracks Tech Lab  
  19  2:12  Factory  
  19  2:23  Orbital Command  
  19  2:26  Marine  
  19  2:27  Marine  
  21  2:38  Marauder  
  23  3:05  SCV x2  
  25  3:17  SCV  
  25  3:19  Supply Depot  
  26  3:25  Marine x2  
  26  3:26  Marauder  
  30  3:35  Starport, Factory Tech Lab  
  30  3:42  SCV, Marine  
  30  3:43  Marine  
  30  3:44  Orbital Command  
  33  3:53  Supply Depot  
  33  3:54  SCV  
  34  3:59  Marine  
  34  4:00  Marine x2  
  37  4:06  SCV  
  38  4:10  Siege Tank  
  38  4:16  Supply Depot  
  41  4:17  Starport Reactor  
  41  4:21  Supply Depot  
  41  4:34  Barracks  
  41  4:44  Supply Depot x2  
  41  4:48  SCV x2  
  43  5:00  SCV  
  43  5:01  SCV  
  43  5:04  Marine x3  
  48  5:10  Medivac  
  48  5:12  SCV  
  48  5:13  SCV  
  52  5:22  Marine  
  52  5:25  Supply Depot  
  52  5:26  Barracks  
  53  5:31  Bunker  
  53  5:38  SCV x2  
  53  5:42  Marine x3  
  58  5:50  SCV x2  
  58  5:56  Refinery  
  60  6:00  Medivac x2  
  60  6:02  SCV  
  65  6:16  Barracks Reactor  
  65  6:24  Barracks Reactor  
  65  6:25  Engineering Bay  
  65  6:31  Marine x2  
  65  6:32  Marine  
  68  6:35  Siege Tank  
  68  6:38  Medivac  
  73  6:47  Refinery  
  73  6:49  Marine  
  73  6:50  Marine x2  
  76  6:54  Marine  
  76  6:55  Marine  
  78  7:02  Terran Infantry Weapons Level 1  
  78  7:06  Marine  
  79  7:08  Marine x2  
  79  7:10  Armory  
  79  7:11  Marine x2  
  79  7:12  Marine x2  
  85  7:17  Supply Depot  
  85  7:24  Marine  
  85  7:26  Marine x2  
  85  7:29  Marine x2  
  90  7:30  SCV x2  
  92  7:40  Supply Depot  
  92  7:42  SCV  
  92  7:43  SCV  
  94  8:09  Supply Depot  
  94  8:12  SCV x2  
  96  8:19  Marine x3  
  98  8:20  Marine x4  
  98  8:23  Siege Tank  
  98  8:24  SCV  
  98  8:25  Medivac, SCV  
  110  8:31  Medivac, Terran Vehicle Weapons Level 1  
  112  8:36  Supply Depot, SCV  
  112  8:37  Marine x4  
  117  8:57  Siege Tank, Terran Infantry Armor Level 1  
  120  9:02  Missile Turret  
  120  9:07  Marine x2  
  120  9:08  Marine x4  
  126  9:16  Supply Depot  
  126  9:22  Missile Turret  
  126  9:34  Command Center  
  126  9:38  Siege Tank, Marine x2  
  131  9:39  Supply Depot  
  131  9:40  Marine x3  
  131  9:41  Marine x2  
  131  9:43  Medivac  
  131  9:44  Medivac  
  140  9:56  Marauder, Marine  
  143  10:03  Supply Depot  
  143  10:10  Siege Tank  
  146  10:17  Marauder  
  148  10:26  Supply Depot, Terran Vehicle And Ship Armor Level 1  
  148  10:30  SCV x2  
  149  10:42  SCV x2  
  144  10:46  Marine x3  
  144  10:47  Marine x4  
  147  10:50  Terran Infantry Weapons Level 2, Siege Tank  
  147  10:52  Medivac  
  147  10:53  Medivac  
  147  10:54  SCV x2  
  154  11:04  Marine x4  
  154  11:05  Marine x2  
  154  11:06  SCV  
  161  11:15  Supply Depot  
  161  11:18  SCV x2  
  162  11:22  Siege Tank  
  166  11:30  SCV  
  167  11:38  Bunker  
  144  12:19  Terran Vehicle Weapons Level 2  
  144  12:22  Marine x3  
  142  12:23  Marine x4  
  142  12:25  Siege Tank  
  142  12:27  Medivac x2  
  154  12:40  Marine x4  
  156  12:57  Medivac, Siege Tank  
  158  13:06  Terran Infantry Armor Level 2  
  152  13:27  Marine x5  
  152  13:28  Marine x2  
  152  13:29  Siege Tank  
  152  13:32  Medivac x2  
  166  13:45  Marine x6  
  172  14:01  Siege Tank  
  172  14:02  Medivac  
  173  14:10  Marine x3  
  173  14:11  Marine x4  
  180  14:17  Medivac  
  182  14:28  Marine x5  
  182  14:29  Marine  
  186  14:32  Medivac, Orbital Command  
  186  14:34  Siege Tank  
  191  14:41  SCV  
  191  14:42  SCV  
  193  14:54  SCV x2  
  195  15:06  SCV x2  
  197  15:41  SCV  
Show
View Real Time Build Order
Export as new Build Order

A.I. 1 (Very Hard) Protoss 

Build Orders: Zealot Archon, Colossus Rush 

Get SALT Encoding   

  12  0:00  Probe  
  13  0:13  Probe  
  14  0:20  Pylon  
  14  0:25  Probe  
  15  0:38  Probe  
  16  0:47  Assimilator  
  16  0:50  Probe  
  16  0:51  Gateway  
  17  1:01  Pylon  
  17  1:03  Probe  
  18  1:15  Probe  
  19  1:27  Probe  
  20  1:39  Probe  
  21  1:40  Zealot  
  21  1:42  Cybernetics Core  
  23  1:51  Probe  
  24  2:02  Nexus  
  24  2:03  Probe  
  25  2:15  Probe  
  26  2:20  Stalker, Warp Gate  
  28  2:27  Probe  
  29  2:33  Pylon  
  29  2:39  Probe  
  29  2:43  Gateway  
  30  2:48  Assimilator  
  30  2:51  Probe  
  30  2:55  Adept  
  33  3:03  Pylon, Probe  
  34  3:14  Probe  
  34  3:16  Probe  
  36  3:22  Adept  
  36  3:26  Probe  
  39  3:28  Probe  
  39  3:33  Robotics Facility  
  40  3:36  Adept  
  40  3:40  Probe x2  
  44  3:49  Adept  
  44  3:52  Probe x2  
  48  4:03  Adept  
  48  4:04  Probe x2  
  52  4:16  Adept, Probe  
  52  4:17  Probe  
  56  4:24  Robotics Bay  
  56  4:27  Pylon, Observer  
  56  4:28  Probe  
  56  4:29  Probe  
  59  4:36  Robotics Facility  
  59  4:40  Probe  
  59  4:43  Pylon  
  59  4:44  Stalker  
  62  4:51  Stalker  
  64  4:53  Probe  
  64  4:54  Probe  
  64  4:55  Pylon  
  66  5:16  Gateway  
  66  5:24  Pylon, Colossus  
  66  5:25  Zealot  
  66  5:28  Zealot  
  76  5:39  Pylon  
  76  5:45  Zealot, Probe x2  
  76  5:47  Assimilator  
  76  5:49  Zealot  
  82  5:50  Twilight Council  
  82  5:51  Assimilator  
  82  6:06  Stalker, Gateway  
  82  6:09  Probe x2  
  86  6:17  Pylon  
  86  6:21  Probe  
  86  6:22  Probe  
  88  6:32  Templar Archives  
  88  6:33  Probe  
  88  6:39  Pylon  
  89  6:55  Forge  
  89  7:00  Gateway, Sentry  
  91  7:05  Forge, Stalker  
  91  7:07  High Templar, Nexus  
  91  7:08  High Templar  
  97  7:23  Stalker, Archon  
  97  7:24  Warp Prism  
  97  7:26  Pylon  
  97  7:28  Stalker  
  103  7:35  Photon Cannon  
  103  7:37  Photon Cannon  
  103  7:40  High Templar, Sentry  
  107  7:47  Pylon  
  107  7:51  Warp Prism, High Templar  
  107  7:55  Stalker  
  113  8:01  Gateway  
  113  8:07  Archon  
  113  8:10  High Templar  
  115  8:13  Photon Cannon  
  115  8:15  Photon Cannon  
  116  8:20  Probe x3  
  116  8:24  High Templar  
  120  8:27  Assimilator  
  120  8:31  Pylon  
  120  8:32  Probe x3  
  120  8:33  Assimilator  
  123  8:38  High Templar  
  123  8:40  Archon  
  125  8:44  Probe x3  
  128  8:49  Photon Cannon  
  128  8:53  High Templar  
  128  8:54  Photon Cannon  
  130  8:56  Pylon, Probe  
  130  8:57  Probe x2  
  133  9:03  High Templar  
  133  9:08  Probe  
  133  9:09  Probe x2, Archon  
  138  9:12  High Templar  
  140  9:17  Photon Cannon  
  140  9:20  Probe, Photon Cannon  
  140  9:21  Probe x2  
  140  9:22  High Templar  
  145  9:26  Photon Cannon  
  145  9:28  Photon Cannon  
  145  9:31  High Templar, Archon  
  147  9:33  Pylon  
  147  9:41  High Templar, Archon  
  147  9:42  Colossus  
  147  9:44  Colossus  
  149  9:50  High Templar, Nexus  
  151  9:59  High Templar  
  153  10:00  Photon Cannon  
  153  10:03  Pylon  
  153  10:08  High Templar  
  155  10:16  Zealot x3  
  155  10:17  Gateway, Observer  
  155  10:18  Observer  
  162  10:22  Archon  
  162  10:23  Zealot  
  162  10:26  Pylon  
  164  10:31  Zealot  
  164  10:36  Zealot, Stalker  
  164  10:37  Zealot  
  164  10:38  Observer  
  164  10:39  Immortal  
  164  10:40  Zealot  
  149  10:43  Zealot  
  115  10:52  Stalker  
  115  10:56  Zealot  
  115  10:57  Adept  
  111  10:59  Stalker  
  111  11:00  Zealot, Immortal  
  111  11:03  Zealot  
  121  11:11  Zealot  
  121  11:14  Assimilator  
  121  11:15  Zealot  
  121  11:16  Zealot, Assimilator  
  121  11:17  Zealot  
  129  11:20  High Templar  
  129  11:22  Sentry  
  129  11:23  Zealot  
  135  11:30  Immortal  
  135  11:31  Zealot  
  141  11:35  Sentry  
  141  11:37  Adept, High Templar  
  141  11:39  Immortal  
  151  11:42  Archon  
  151  11:43  Zealot  
  151  11:45  High Templar  
  155  11:51  Zealot  
  155  11:53  High Templar  
  137  11:57  Zealot x2  
  101  12:03  Zealot  
  91  12:09  Stalker  
  91  12:10  Immortal  
  91  12:11  Zealot  
  97  12:17  Zealot x2, Sentry  
  97  12:18  Probe x4  
  91  12:23  Stalker  
  91  12:25  Zealot  
  74  12:30  Probe x3  
  74  12:31  Zealot, Probe  
  74  12:32  High Templar  
  74  12:33  Sentry, Immortal  
  69  12:37  Zealot, Stalker  
  69  12:40  Adept  
  69  12:42  Probe x2  
  69  12:43  Probe  
  75  12:45  High Templar  
  75  12:46  High Templar  
  75  12:49  Immortal  
  65  12:54  Probe  
  65  12:55  Probe  
  65  12:56  Zealot, Archon  
  65  12:58  High Templar  
  63  13:00  Zealot, Adept  
  52  13:16  High Templar  
  52  13:19  Stalker  
  46  13:24  Nexus  
  18  14:01  Nexus  
  16  14:15  Cybernetics Core  
  16  14:17  Assimilator  
  16  14:34  Pylon  
  15  14:55  Twilight Council  
  15  15:42  Nexus  
Tags
 
Composition
Zealot Archon
League
Gold
Matchup
PvT
Spawn Locations
Cross Positions
Add a new tag
Caveats
  • Supply blocks, unpowered buildings, or Contaminate may cause inaccurate times.
  • Supply counts are checked every 10 seconds.